 Dungeon Crawl Stone Soup version 0.25-a0-464-g3004169 (webtiles) character file.

Game seed: 16403987159387269278, levelgen mode: deterministic

14 15 the Firebug (level 2, -1/15 HPs)
             Began as a Tengu Fire Elementalist on Feb 4, 2020.
             Killed from afar by a dart slug (7 damage)
             ... with a slug dart
             ... on level 1 of the Dungeon.
             The game lasted 00:02:12 (233 turns).

15 the Firebug (Tengu Fire Elementalist)             Turns: 233, Time: 00:02:13

Health: -1/15      AC:  2    Str:  8    XL:     2   Next: 41%
Magic:  6/6        EV: 13    Int: 15    God:
Gold:   21         SH:  0    Dex: 14    Spells: 4/5 levels left

rFire    . . .     SeeInvis .   b - +0 dagger
rCold    . . .     Gourm    .   (no shield)
rNeg     . . .     Faith    .   a - +0 robe
rPois    .         Spirit   .   (helmet restricted)
rElec    .         Reflect  .   (no cloak)
rCorr    .         Harm     .   (no gloves)
MR       .....                  (boots unavailable)
Stlth    ++........             (no amulet)
HPRegen  0.05/turn              (no ring)
MPRegen  0.10/turn              (no ring)

@: no status effects
A: beak, talons 3
a: no special abilities


You were on level 1 of the Dungeon.
You were not hungry.

You visited 1 branch of the dungeon, and saw 1 of its levels.

You collected 21 gold pieces.

Inventory:

Hand Weapons
 b - a +0 dagger (weapon)
Armour
 a - a +0 robe (worn)
Scrolls
 e - a scroll of identify
 f - a scroll of immolation {unknown}
 g - a scroll of blinking {unknown}
 h - a scroll of teleportation {unknown}
Comestibles
 c - a ration
 d - 3 chunks of flesh


   Skills:
 * Level 0.6 Armour
 * Level 2.4 Dodging
 + Level 2.0 Stealth
 * Level 2.2 Spellcasting
 * Level 1.5 Conjurations
 + Level 3.5 Fire Magic


You had 4 spell levels left.
You knew the following spells:

 Your Spells              Type           Power        Failure   Level  Hunger
a - Foxfire               Conj/Fire      #...         8%          1    #......

Your spell library contained the following spells:

 Spells                   Type           Power        Failure   Level  Hunger
 Conjure Flame            Conj/Fire      #.......     22%         3    ###....
 Inner Flame              Hex/Fire       #.......     32%         3    ###....
 Sticky Flame             Conj/Fire      #.......     58%         4    #####..
 Fireball                 Conj/Fire      #.........   91%         5    ######.


Dungeon Overview and Level Annotations

Branches:
Dungeon (1/15)

Altars:


Innate Abilities, Weirdness & Mutations

You have a beak for a mouth.
You have claws for feet.


Message History

a +0 club; a goblin corpse You hit the kobold.
You peck the kobold, but do no damage.
The kobold is moderately wounded.
The kobold hits you with a +0 dagger.
You hit the kobold.
You kill the kobold!
You hit the rat. Your kick misses the rat. You peck the rat.
You kill the rat!
Things that are here:
a +0 dagger; a rat corpse; a kobold corpse A dart slug comes into view.
You see here a frilled lizard corpse.
Things that are here:
a +0 dagger; a rat corpse; a kobold corpse You butcher the rat corpse.
Items here: % ) ÷ † a +0 dagger; a chunk of flesh; a rat skeleton; a kobold corpse The dart slug launches a dart at you.
The slug dart hits you!
You die...

#.# ### %# #[#
.# #.# .# #.# .#
#.# ###.# #.#
######... #.#
........######.#
#....>@))...((#
...#....########
#.#w## .. #. ##
#. #. .$ ..


You could see a dart slug.

Vanquished Creatures
  A dart slug (D:1)
  A leopard gecko (D:1)
  A bat (D:1)
  2 goblins (D:1)
  3 kobolds (D:1)
  A frilled lizard (D:1)
  2 rats (D:1)
11 creatures vanquished.

Vanquished Creatures (others)
  9 foxfires (D:1)
9 creatures vanquished.

Grand Total: 20 creatures vanquished

Notes
Turn   | Place    | Note
-------+----------+-------------------------------------------
     0 | D:1      | 15 the Tengu Fire Elementalist began the quest for the Orb.
     0 | D:1      | Reached XP level 1. HP: 10/10 MP: 4/4
   102 | D:1      | Reached XP level 2. HP: 9/15 MP: 0/6
   233 | D:1      | Killed from afar by a dart slug

Levels and vault maps discovered:
D:1:      dpeg_arrival_rooms_with_view, layout_loops_ring

Action                   || total
-------------------------++-------
Melee: Dagger            ||    13
       Kick              ||     5
       Peck              ||     5
 Cast: Foxfire           ||     6
  Use: Scroll            ||     1
 Stab: Sleeping          ||     2
Dodge: Dodged            ||     9

Table legend:
 A = Non-vault XP
 B = Vault XP
 C = Vault XP percentage of total XP
 D = Non-vault monster count
 E = Vault monster count
 F = Vault count percentage of total count
                 A         B        C        D         E       F
            +---------+---------+-------+---------+---------+-------
      Total |      20 |       0 |   0.0 |      11 |       0 |   0.0
            +---------+---------+-------+---------+---------+-------
        D:1 |      20 |       0 |   0.0 |      11 |       0 |   0.0
            +---------+---------+-------+---------+---------+-------
